 Dungeon Crawl Stone Soup version 0.30.0-10-gfe55d96785 (webtiles) character file.

Game seed: 7369707965689164992

4267 qw the Cleaver (level 10, -2/63 HPs)
             Began as a Gargoyle Cinder Acolyte on May 17, 2023.
             Was an Initiate of Ignis.
             Slain by a yak (10 damage)
             ... on level 8 of the Dungeon.
             The game lasted 00:04:00 (8536 turns).

qw the Cleaver (Gargoyle Cinder Acolyte)            Turns: 8536, Time: 00:04:01

Health: -2/63      AC: 17    Str: 22    XL:     10   Next: 31%
Magic:  11/11      EV: 12    Int: 15    God:    Ignis [......]
Gold:   629        SH:  9    Dex:  5    Spells: 11/11 levels left

rFire   + + .        q - +0 war axe
rCold   + + .        h - +0 kite shield
rNeg    + . .        l - +1 chain mail {rC+}
rPois   inf          (no helmet)
rElec   +            k - scarf {rC+ rF+}
rCorr   .            (no gloves)
SInv    +            (no boots)
Will    .....        (no amulet) Stlth
                     m - ring of see invisible
HPRegen 0.30/turn    j - +5 ring of evasion
MPRegen 0.12/turn

%: no passive effects
@: no status effects
A: sickness immunity, AC +7, negative energy resistance 1, electricity
resistance, torment resistance 1, petrification resistance
a: Renounce Religion, Rising Flame


You were on level 8 of the Dungeon.
You worshipped Ignis.
Ignis was noncommittal.
You visited 1 branch of the dungeon, and saw 8 of its levels.

You collected 629 gold pieces.


Innate Abilities, Weirdness & Mutations

You are immune to sickness and miasma.
Your stone body is resilient. (AC +7)
You are immune to poison.
You resist negative energy. (rN+)
You are resistant to electric shocks. (rElec)
You are resistant to unholy torment.
You are immune to petrification.


   Skills:
 - Level 7.1 Fighting
 + Level 9.0 Axes
 - Level 2.1 Throwing
 - Level 4.5 Armour
 - Level 1.1 Dodging
 - Level 9.0 Shields
 - Level 1.0 Spellcasting
 - Level 3.0 Fire Magic


You had 11 spell levels left.
You didn't know any spells.
Your spell library contained the following spells:

 Spells                   Type           Power      Damage    Failure   Level
 Scorch                   Fire           18%        2d5       77%         2

Inventory:

Hand Weapons
 n - a +0 hand axe of flaming
 q - a +0 war axe (weapon)
Missiles
 e - 5 boomerangs (quivered)
Armour
 c - the +1 ring mail of Pan-Flutes {rF+ MP-9 Dex+6 SInv}
   (You found it on level 5 of the Dungeon)

   Dex:       It affects your dexterity (+6).
   rF:        It protects you from fire.
   MP:        It affects your magic capacity (-9).
   SInv:      It lets you see invisible.
 h - a +0 kite shield (worn)
 k - a scarf of resistance (worn)
 l - a +1 chain mail of cold resistance (worn)
Jewellery
 j - a +5 ring of evasion (right hand)
 m - a ring of see invisible (left hand)
 p - a ring of protection from fire
Scrolls
 a - 5 scrolls of identify
 f - a scroll of enchant armour
 o - a scroll of fog {unknown}
 r - a scroll of acquirement {unknown}
Potions
 b - 4 potions of might
 d - a potion of resistance
 g - 2 potions of mutation
 i - 4 potions of curing
 s - 3 potions of haste

Dungeon Overview and Level Annotations

Branches:
Dungeon (8/15)             Temple (0/1) D:4
   Lair: D:8-11

Altars:

Annotations:
D:7 3 runed translucent doors, Himaraol's ghost, novice HOFi
D:8 2 transporters


Message History

You hit the yak. The yak barely misses you.
The yak gores you but does no damage.
You barely miss the yak.
The yak is almost dead.
You hit the yak but do no damage. The yak gores you.
You block the yak's attack. The yak gores you! x2
You slash the yak!
You kill the yak!
You hit the yak. You slash the yak!
The yak is heavily wounded.
The yak completely misses you.
You slice the yak!!
The yak is almost dead.
You slash the yak! The yak completely misses you. The yak gores you!
You hit the yak.
The yak is almost dead.
You hit the yak. You block the yak's attack. The yak completely misses you.
You hit the yak.
You kill the yak!
You hit the yak. You block the yak's attack.
Your Shields skill increases to level 9!
You hit the yak.
The yak is heavily wounded.
The yak gores you but does no damage.
You barely miss the yak.
The yak is heavily wounded.
The yak closely misses you.
You slash the yak!
The yak is almost dead.
You hit the yak. The yak gores you! The yak gores you.
You slash the yak!
You kill the yak!
You slash the yak! The yak gores you!
You die...

######### ###
#.....Y%#.. ..# #@#.##
#.# #.#..# #.# #.#..###
#.# #####.#....# #.#
#.#.....#....###.#######
#.......#...............
#.........?..###.######.
#............###.##.###.
#..#...........#.##.....


You could see a yak.

Vanquished Creatures
  4 yaks (D:8)
  Grum (D:8)
  A water moccasin (D:7)
  2 ice beasts
  3 orc warriors (D:8)
  2 sky beasts
  2 black bears
  2 ogres (D:5)
  2 centaurs
  2 wolves (D:8)
  2 phantoms
  2 kobold brigands
  3 bullfrogs
  A gnoll sergeant (D:5)
  5 scorpions (D:5)
  5 wights (D:6)
  3 killer bees (D:7)
  2 howler monkeys
  A gnoll bouda (D:6)
  2 jellies
  6 hounds
  4 orc priests
  3 iguanas (D:5)
  A sleepcap (D:7)
  5 orc wizards
  8 adders
  11 gnolls
  A river rat (D:5)
  A shadow imp (D:5)
  3 white imps
  2 ufetubi
  4 worms
  3 dart slugs
  35 orcs
  5 ball pythons
  2 endoplasms (D:4)
  5 giant cockroaches
  7 goblins
  9 hobgoblins
  A jackal (D:3)
  4 quokkas
  2 bats
  8 frilled lizards
  12 kobolds
  8 rats
197 creatures vanquished.

Notes
Turn   | Place    | Note
-------+----------+-------------------------------------------
     0 | D:1      | qw the Gargoyle Cinder Acolyte began the quest for the Orb.
     0 | D:1      | Reached XP level 1. HP: 14/14 MP: 2/2
     0 | D:1      | 0 ||| qw: Version: 0.2-a-95-g816fdde
     0 | D:1      | 0 ||| qw: Game counter: 72
     0 | D:1      | 0 ||| qw: Always use a shield: true
     0 | D:1      | 0 ||| qw: God list: Okawaru
     0 | D:1      | 0 ||| qw: Allow faded altars: false
     0 | D:1      | 0 ||| qw: Do Orc after D:15 true
     0 | D:1      | 0 ||| qw: Do second Lair branch before Depths: true
     0 | D:1      | 0 ||| qw: Lair rune preference: random
     0 | D:1      | 0 ||| qw: Plans: Normal
     0 | D:1      | 0 ||| PLANNING D:1-11
    33 | D:1      | 33 ||| Stepping ~*~*~tactically~*~*~ (hiding).
    45 | D:1      | 45 ||| INVOKING Fiery Armour.
    49 | D:1      | Reached skill level 3 in Axes
   118 | D:1      | Reached XP level 2. HP: 19/19 MP: 3/3
   441 | D:1      | 441 ||| Stepping ~*~*~tactically~*~*~ (stealth).
   680 | D:1      | 680 ||| UPGRADING to scarf of resistance.
   685 | D:1      | 685 ||| UPGRADING to ring of protection from fire.
   686 | D:1      | 686 ||| READING 2 scrolls labelled WOFITZ NEESOP.
   687 | D:1      | 687 ||| READING scroll labelled JIMOULOSONU.
   688 | D:1      | 688 ||| READING scroll labelled NIXENU DIHYRGH.
   689 | D:1      | 689 ||| READING 2 scrolls labelled PUT IVOGATEI.
   690 | D:1      | 690 ||| READING scroll labelled BIZUEGU BIRUQ.
   695 | D:1      | 695 ||| DROPPING scroll of immolation.
   800 | D:2      | 800 ||| Stepping ~*~*~tactically~*~*~ (stealth).
   801 | D:2      | 801 ||| Stepping ~*~*~tactically~*~*~ (stealth).
   807 | D:2      | Reached XP level 3. HP: 23/23 MP: 4/4
  1041 | D:2      | 1041 ||| INVOKING Fiery Armour.
  1434 | D:2      | 1434 ||| UPGRADING to +0 leather armour.
  1442 | D:2      | HP: 4/23 [orc/+0 hand axe (4)]
  1444 | D:2      | 1444 ||| INVOKING Fiery Armour.
  1525 | D:2      | 1525 ||| DROPPING +0 robe.
  1526 | D:2      | 1526 ||| UPGRADING to +0 ring mail.
  1536 | D:2      | 1536 ||| DROPPING +0 leather armour.
  1538 | D:2      | 1538 ||| READING scroll labelled DIMOEPHU GIKHAST.
  1623 | D:2      | Found a faded altar of an unknown god.
  1687 | D:2      | You fall into a shaft and drop 1 floor!
  1706 | D:3      | 1706 ||| READING scroll labelled VARCHOU FURCHIES.
  1807 | D:3      | 1807 ||| DRINKING 2 lumpy pink potions.
  1808 | D:3      | 1808 ||| READING 3 scrolls of identify.
  1808 | D:3      | 1808 ||| IDENTIFYING green potion
  1809 | D:3      | 1809 ||| READING 2 scrolls of identify.
  1809 | D:3      | 1809 ||| IDENTIFYING cyan potion
  1810 | D:3      | 1810 ||| DROPPING potion of degeneration.
  1820 | D:3      | Reached XP level 4. HP: 28/28 MP: 5/5
  1991 | D:3      | Reached skill level 1 in Armour
  2115 | D:3      | 2115 ||| Stepping ~*~*~tactically~*~*~ (hiding).
  2117 | D:3      | 2117 ||| Stepping ~*~*~tactically~*~*~ (hiding).
  2118 | D:3      | 2118 ||| Stepping ~*~*~tactically~*~*~ (hiding).
  2119 | D:3      | 2119 ||| Stepping ~*~*~tactically~*~*~ (hiding).
  2121 | D:3      | 2121 ||| Stepping ~*~*~tactically~*~*~ (hiding).
  2122 | D:3      | 2122 ||| Stepping ~*~*~tactically~*~*~ (hiding).
  2128 | D:3      | 2128 ||| INVOKING Fiery Armour.
  2410 | D:3      | Reached XP level 5. HP: 32/32 MP: 6/6
  2440 | D:3      | 2440 ||| INVOKING Fiery Armour.
  2636 | D:3      | 2636 ||| SWAPPING to +2 antimagic hand axe.
  2794 | D:3      | 2794 ||| UPGRADING to +5 ring of evasion.
  2795 | D:3      | 2795 ||| READING scroll labelled FOSKIZ TEUMUT.
  2864 | D:4      | 2864 ||| Stepping ~*~*~tactically~*~*~ (hiding).
  2925 | D:4      | 2925 ||| READING scroll of enchant weapon.
  2925 | D:4      | 2925 ||| ENCHANTING +2 antimagic hand axe.
  2991 | D:4      | Found a staircase to the Ecumenical Temple.
  3095 | D:4      | 3095 ||| INVOKING Fiery Armour.
  3155 | D:4      | Reached XP level 6. HP: 38/38 MP: 2/7
  3256 | D:4      | 3256 ||| UPGRADING to +0 scale mail.
  3266 | D:4      | 3266 ||| DROPPING +0 ring mail.
  3267 | D:4      | 3267 ||| UPGRADING to ring of see invisible.
  3269 | D:4      | 3269 ||| READING scroll labelled TEGUICS FIAQ.
  3270 | D:4      | 3270 ||| DRINKING 2 fuming dark potions.
  3271 | D:4      | 3271 ||| READING 4 scrolls of identify.
  3271 | D:4      | 3271 ||| IDENTIFYING inky potion
  3272 | D:4      | 3272 ||| READING 3 scrolls of identify.
  3272 | D:4      | 3272 ||| IDENTIFYING silvery potion
  3273 | D:4      | 3273 ||| DROPPING potion of flight.
  3291 | D:5      | Entered Level 5 of the Dungeon
  3292 | D:5      | 3292 ||| PLANNING SEWER
  3428 | D:5      | Identified the +1 ring mail of Pan-Flutes {rF+ MP-9 Dex+6
                  | SInv}
  3488 | D:5      | Reached skill level 1 in Throwing
  3532 | D:5      | 3532 ||| Stepping ~*~*~tactically~*~*~ (stealth).
  3543 | D:5      | Reached skill level 6 in Axes
  3562 | D:5      | 3562 ||| Stepping ~*~*~tactically~*~*~ (stealth).
  3633 | D:5      | Reached XP level 7. HP: 38/43 MP: 2/8
  3671 | D:5      | HP: 3/43 [ogre/+0 giant club (30)]
  3672 | D:5      | 3672 ||| READING 2 scrolls of teleportation.
  3673 | D:5      | 3673 ||| DRINKING potion of heal wounds.
  3681 | D:5      | HP: 9/43 [orc wizard/magic dart (4)]
  3682 | D:5      | 3682 ||| READING scroll of teleportation.
  3683 | D:5      | 3683 ||| INVOKING Fiery Armour.
  3719 | D:5      | 3719 ||| Stepping ~*~*~tactically~*~*~ (hiding).
  3851 | D:5      | 3851 ||| READING scroll of enchant weapon.
  3851 | D:5      | 3851 ||| ENCHANTING +3 antimagic hand axe.
  3942 | D:5      | 3942 ||| RIP SEWER
  3953 | D:5      | 3953 ||| PLANNING D:1-11
  4052 | D:5      | 4052 ||| Stepping ~*~*~tactically~*~*~ (stealth).
  4053 | D:5      | 4053 ||| Stepping ~*~*~tactically~*~*~ (stealth).
  4054 | D:5      | 4054 ||| Stepping ~*~*~tactically~*~*~ (stealth).
  4216 | D:5      | 4216 ||| Stepping ~*~*~tactically~*~*~ (hiding).
  4217 | D:5      | 4217 ||| Stepping ~*~*~tactically~*~*~ (hiding).
  4281 | D:5      | 4281 ||| Stepping ~*~*~tactically~*~*~ (stealth).
  4282 | D:5      | 4282 ||| Stepping ~*~*~tactically~*~*~ (stealth).
  4297 | D:5      | Reached XP level 8. HP: 34/48 MP: 3/9
  4393 | D:5      | 4393 ||| Stepping ~*~*~tactically~*~*~ (stealth).
  4459 | D:5      | 4459 ||| Stepping ~*~*~tactically~*~*~ (hiding).
  4468 | D:5      | 4468 ||| INVOKING Fiery Armour.
  4486 | D:5      | HP: 10/49 [phantom (6)]
  5067 | D:5      | 5067 ||| UPGRADING to +1 ring mail of Pan-Flutes {rF+ MP-9
                  | Dex+6 SInv}.
  5077 | D:5      | 5077 ||| REMOVING ring of see invisible.
  5078 | D:5      | 5078 ||| UPGRADING to +0 kite shield.
  5083 | D:5      | 5083 ||| DROPPING +0 scale mail.
  5084 | D:5      | 5084 ||| UPGRADING to ring of protection from fire.
  5085 | D:5      | 5085 ||| READING scroll labelled ZEDWOEJ JAFOG.
  5086 | D:5      | 5086 ||| READING 3 scrolls of identify.
  5086 | D:5      | 5086 ||| IDENTIFYING brown potion
  5087 | D:5      | 5087 ||| READING 2 scrolls of identify.
  5087 | D:5      | 5087 ||| IDENTIFYING orange potion
  5220 | D:6      | Reached skill level 1 in Shields
  5263 | D:6      | 5263 ||| READING scroll of enchant weapon.
  5263 | D:6      | 5263 ||| ENCHANTING +4 antimagic hand axe.
  5360 | D:6      | Reached skill level 3 in Shields
  5631 | D:6      | Reached skill level 1 in Dodging
  5631 | D:6      | Reached XP level 9. HP: 55/55 MP: 0/10
  5744 | D:6      | 5744 ||| Stepping ~*~*~tactically~*~*~ (stealth).
  5745 | D:6      | 5745 ||| Stepping ~*~*~tactically~*~*~ (stealth).
  5759 | D:6      | 5759 ||| INVOKING Fiery Armour.
  5766 | D:6      | HP: 5/55 [wight/+2 spear (9)]
  5767 | D:6      | 5767 ||| DRINKING potion of heal wounds.
  5773 | D:6      | Reached skill level 6 in Shields
  6180 | D:6      | 6180 ||| READING 3 scrolls of identify.
  6180 | D:6      | 6180 ||| IDENTIFYING clear potion
  6181 | D:6      | 6181 ||| DROPPING potion of brilliance.
  6277 | D:7      | 6277 ||| INVOKING Fiery Armour.
  6280 | D:7      | Reached skill level 6 in Fighting
  6376 | D:7      | Found a runed translucent gate.
  6376 | D:7      | Found a runed translucent gate.
  6376 | D:7      | Found a runed translucent gate.
  6388 | D:7      | 6388 ||| Stepping ~*~*~tactically~*~*~ (stealth).
  6389 | D:7      | 6389 ||| Stepping ~*~*~tactically~*~*~ (stealth).
  6393 | D:7      | 6393 ||| Stepping ~*~*~tactically~*~*~ (stealth).
  6398 | D:7      | 6398 ||| Stepping ~*~*~tactically~*~*~ (hiding).
  6496 | D:7      | Noticed Himaraol's ghost (novice HOFi)
  6952 | D:7      | 6952 ||| Stepping ~*~*~tactically~*~*~ (hiding).
  7233 | D:7      | 7233 ||| UPGRADING to +1 chain mail of cold resistance.
  7243 | D:7      | 7243 ||| DROPPING +0 chain mail.
  7276 | D:7      | 7276 ||| UPGRADING to ring of see invisible.
  7278 | D:7      | 7278 ||| DROPPING ring of magical power.
  7279 | D:7      | 7279 ||| READING scroll labelled FISA BEXTO.
  7301 | D:8      | Reached skill level 3 in Armour
  7406 | D:8      | 7406 ||| INVOKING Fiery Armour.
  7421 | D:8      | Reached skill level 9 in Axes
  7433 | D:8      | 7433 ||| Stepping ~*~*~tactically~*~*~ (stealth).
  7434 | D:8      | 7434 ||| Stepping ~*~*~tactically~*~*~ (stealth).
  7435 | D:8      | 7435 ||| SWAPPING to +0 war axe.
  7444 | D:8      | 7444 ||| DROPPING +5 antimagic hand axe.
  7498 | D:8      | 7498 ||| Stepping ~*~*~tactically~*~*~ (hiding).
  7521 | D:8      | Reached XP level 10. HP: 44/60 MP: 11/11
  7598 | D:8      | Found a transporter.
  7602 | D:8      | Found a transporter.
  7608 | D:8      | 7608 ||| Stepping ~*~*~tactically~*~*~ (stealth).
  7610 | D:8      | 7610 ||| Stepping ~*~*~tactically~*~*~ (stealth).
  7626 | D:8      | 7626 ||| INVOKING Fiery Armour.
  7869 | D:8      | 7869 ||| Stepping ~*~*~tactically~*~*~ (hiding).
  7873 | D:8      | 7873 ||| INVOKING Fiery Armour.
  7912 | D:8      | 7912 ||| Stepping ~*~*~tactically~*~*~ (stealth).
  7913 | D:8      | 7913 ||| Stepping ~*~*~tactically~*~*~ (stealth).
  8006 | D:8      | Noticed Grum
  8007 | D:8      | 8007 ||| Stepping ~*~*~tactically~*~*~ (stealth).
  8047 | D:8      | 8047 ||| Stepping ~*~*~tactically~*~*~ (stealth).
  8059 | D:8      | HP: 10/63 [Grum/+1 halberd (12)]
  8065 | D:8      | Killed Grum
  8486 | D:8      | 8486 ||| Stepping ~*~*~tactically~*~*~ (stealth).
  8487 | D:8      | 8487 ||| Stepping ~*~*~tactically~*~*~ (stealth).
  8533 | D:8      | Reached skill level 9 in Shields
  8535 | D:8      | HP: 14/63 [yak (7)]
  8536 | D:8      | Slain by a yak

Levels and vault maps discovered:
D:1:      ncdulo_halloftheorcs, layout_loops_ring
D:2:      layout_loops_cross, shapermc_ecumenical_altar_flowoftime, wad_orctagon
D:3:      cheibrodos_helix_gallery, layout_basic, minmay_between
D:4:      layout_rooms, minmay_temple_entry_hall
D:5:      minmay_polygon_palace, layout_basic, gup_sewer_entry_spiral,
          kennysheep_generic_room_14
D:6:      layout_basic
D:7:      layout_loops_ring, ebering_ghost_rock_garden
D:8:      gammafunk_beogh_shrine, layout_basic, nicolae_underground_beach,
          uniq_grum

Skill      XL: |  1  2  3  4  5  6  7  8  9 10 |
---------------+-------------------------------+-----
Axes           | 3 4 5 6 7 8 9 |  9.0
Armour         | 1 2 4 |  4.5
Fighting       | 4 5 6 7 |  7.1
Throwing       | 1 2 |  2.1
Shields        | 4 8 9 |  9.0
Dodging        | 1 |  1.1
Spellcasting   | |  1.0
Fire Magic     | |  3.0

Action                     |  1- 3 |  4- 6 |  7- 9 | 10-12 || total
---------------------------+-------+-------+-------+-------++-------
  Melee: Hand axe          |    98 |   155 |   367 |       ||   620
         Punch             |       |     2 |     1 |       ||     3
         War axe           |       |       |    21 |    85 ||   106
  Throw: Boomerang         |       |     9 |    34 |     8 ||    51
         Javelin           |       |     6 |     7 |       ||    13
 Invoke: Fiery Armour      |     3 |     3 |     5 |     2 ||    13
    Use: Scroll            |     9 |     5 |     9 |       ||    23
         Potion            |     1 |     1 |     2 |       ||     4
 Armour: Robe              |    16 |       |       |       ||    16
         Ring mail         |     5 |    27 |    60 |       ||    92
         Leather armour    |     4 |       |       |       ||     4
         Skin              |     3 |       |       |       ||     3
         Scale mail        |       |    19 |    48 |       ||    67
         Chain mail        |       |       |    32 |    36 ||    68
  Dodge: Dodged            |    44 |   109 |   197 |    36 ||   386
  Block: Kite shield       |       |       |   124 |    26 ||   150

Table legend:
 A = Non-vault XP
 B = Vault XP
 C = Vault XP percentage of total XP
 D = Non-vault monster count
 E = Vault monster count
 F = Vault count percentage of total count
                 A         B        C        D         E       F
            +---------+---------+-------+---------+---------+-------
      Total |    4911 |    1385 |  22.0 |     161 |      36 |  18.3
            +---------+---------+-------+---------+---------+-------
        D:1 |      29 |       0 |   0.0 |      17 |       0 |   0.0
        D:2 |      40 |      12 |  23.1 |      18 |       4 |  18.2
        D:3 |     103 |      13 |  11.2 |      14 |       7 |  33.3
        D:4 |     122 |       0 |   0.0 |      10 |       0 |   0.0
        D:5 |     557 |     934 |  62.6 |      16 |      22 |  57.9
        D:6 |    1061 |       0 |   0.0 |      22 |       0 |   0.0
        D:7 |     988 |       0 |   0.0 |      27 |       0 |   0.0
        D:8 |    2011 |     426 |  17.5 |      37 |       3 |   7.5
            +---------+---------+-------+---------+---------+-------
